General information
- name: BNet
- type: Ladder team game (AT/RT)
- host: Battle.net
- saver: f.uckoutamygame
map: GolemsInTheMist
- players: 8
- length: 36:34
- speed: Fast
- version: 1.27 W3XP
- replay type: Public
» download(205 KB)
Players
team 1 (winner)
Digim0n (
yellow | 126 APM | 2090 actions | 16:37)
3 Archmage
2 Summon Water Elemental
1 Brilliance Aura
3 Priestess of the Moon
2 Trueshot Aura
1 Scout
» actions
| Assign group hotkey | 172 | |
| Basic commands | 158 | |
| Build / train | 72 | |
| ESC pressed | 3 | |
| Enter build submenu | 45 | |
| Enter hero's abilities submenu | 7 | |
| Give item / drop item | 4 | |
| Right click | 620 | |
| Select / deselect | 389 | |
| Select group hotkey | 551 | |
| Use ability | 69 | |
2090 total
» units
| Peasant | 11 | |
| Wisp | 13 | |
| Archer | 5 | |
| Huntress | 17 | |
| Glaive Thrower | 1 | |
47 total
» upgrades
| Masonry | 1 | |
| Strength of the Moon | 1 | |
| Moon Armor | 2 | |
4 total
» buildings
| Altar of Kings | 1 | |
| Altar of Elders | 1 | |
| Barracks | 1 | |
| Moon Well | 6 | |
| Ancient of War | 5 | |
| Farm | 5 | |
| Lumber Mill | 1 | |
| Scout Tower | 10 | |
| Arcane Tower | 3 | |
| Hunter's Hall | 1 | |
| Ancient Protector | 5 | |
| Guard Tower | 7 | |
| Keep | 1 | |
| Ancient of Wonders | 1 | |
| Arcane Vault | 1 | |
| Castle | 1 | |
| Tree of Life | 1 | |
51 total
» build order
00:04 Altar of Kings
00:07 Altar of Elders
00:23 Barracks
00:26 Moon Well
00:40 Ancient of War
00:42 Farm
01:03 Farm
01:38 Lumber Mill
01:41 Scout Tower
02:01 Farm
02:13 Scout Tower
02:22 Arcane Tower
02:34 Hunter's Hall
02:39 Ancient of War
02:40 Ancient of War
02:42 Arcane Tower
02:51 Moon Well
02:57 Ancient of War
03:08 Moon Well
03:08 Moon Well
03:39 Moon Well
03:40 Moon Well
03:57 Ancient Protector
04:08 Ancient Protector
04:32 Scout Tower
04:33 Scout Tower
04:40 Scout Tower
04:40 Scout Tower
05:05 Guard Tower
05:06 Scout Tower
05:07 Guard Tower
05:17 Farm
05:22 Scout Tower
06:15 Guard Tower
06:26 Guard Tower
06:27 Guard Tower
06:32 Farm
07:37 Ancient Protector
08:49 Keep
09:06 Ancient of War
09:40 Ancient of Wonders
10:02 Arcane Vault
10:08 Ancient Protector
10:12 Guard Tower
11:56 Scout Tower
11:59 Scout Tower
12:36 Castle
12:39 Arcane Tower
12:40 Guard Tower
13:59 Tree of Life
14:39 Ancient Protector
» items
f.uckoutamygame (
teal | 103 APM | 3761 actions | 36:34)
10 Blood Mage
3 Flame Strike
3 Siphon Mana
1 Summon Phoenix
3 Banish
» actions
| Assign group hotkey | 158 | |
| Basic commands | 186 | |
| Build / train | 197 | |
| ESC pressed | 1 | |
| Enter build submenu | 55 | |
| Enter hero's abilities submenu | 10 | |
| Remove unit from queue | 2 | |
| Right click | 1175 | |
| Select / deselect | 686 | |
| Select group hotkey | 1138 | |
| Use ability | 153 | |
3761 total
» units
| Peasant | 14 | |
| Footman | 5 | |
| Goblin Shredder | 5 | |
| Siege Engine | 3 | |
| Knight | 6 | |
| Rifleman | 6 | |
| Priest | 5 | |
| Sorceress | 4 | |
| Mortar Team | 4 | |
| Dragonhawk Rider | 2 | |
| Gryphon Rider | 3 | |
57 total
» upgrades
| Swords | 3 | |
| Masonry | 4 | |
| Plating | 3 | |
| Gunpowder | 3 | |
| Barrage | 1 | |
| Animal War Training | 1 | |
| Priest Training | 2 | |
| Sorceress Training | 2 | |
| Storm Hammers | 1 | |
| Cloud | 1 | |
| Long Rifles | 1 | |
| Lumber Harvesting | 2 | |
| Spiked Barricades | 1 | |
| Armor | 3 | |
| Fragmentation Shards | 1 | |
| Flare | 1 | |
| Control Magic | 1 | |
| Reinforced Defenses | 1 | |
32 total
» buildings
| Barracks | 3 | |
| Altar of Kings | 1 | |
| Farm | 10 | |
| Lumber Mill | 2 | |
| Arcane Vault | 2 | |
| Scout Tower | 18 | |
| Arcane Tower | 6 | |
| Blacksmith | 1 | |
| Keep | 3 | |
| Town Hall | 3 | |
| Guard Tower | 26 | |
| Castle | 4 | |
| Workshop | 3 | |
| Gryphon Aviary | 2 | |
| Arcane Sanctum | 2 | |
| Fortress | 3 | |
| Watch Tower | 3 | |
92 total
» build order
01:07 Barracks
01:08 Altar of Kings
01:11 Farm
01:19 Farm
01:23 Farm
01:35 Lumber Mill
01:52 Arcane Vault
02:31 Scout Tower
02:41 Arcane Tower
02:41 Arcane Tower
02:42 Arcane Tower
02:42 Arcane Tower
03:14 Blacksmith
04:18 Keep
04:18 Keep
04:18 Keep
04:39 Farm
04:46 Farm
06:16 Town Hall
06:18 Scout Tower
06:22 Scout Tower
06:36 Scout Tower
06:38 Scout Tower
07:02 Guard Tower
07:02 Guard Tower
07:03 Guard Tower
07:03 Guard Tower
07:10 Guard Tower
07:10 Guard Tower
07:15 Guard Tower
07:47 Castle
07:47 Castle
07:47 Castle
08:35 Workshop
08:37 Workshop
09:12 Scout Tower
09:13 Scout Tower
09:16 Scout Tower
09:19 Scout Tower
09:21 Scout Tower
09:24 Scout Tower
09:44 Guard Tower
09:44 Guard Tower
09:44 Guard Tower
09:53 Guard Tower
09:53 Guard Tower
09:55 Guard Tower
09:55 Guard Tower
10:41 Gryphon Aviary
10:43 Gryphon Aviary
11:58 Farm
12:00 Farm
12:20 Arcane Sanctum
12:22 Arcane Sanctum
16:32 Farm
16:38 Farm
16:43 Farm
18:55 Fortress
18:55 Fortress
18:57 Watch Tower
18:58 Watch Tower
18:58 Watch Tower
25:39 Arcane Vault
25:43 Scout Tower
25:43 Scout Tower
25:44 Scout Tower
25:44 Scout Tower
25:46 Scout Tower
25:47 Scout Tower
25:48 Scout Tower
26:24 Guard Tower
26:41 Guard Tower
26:41 Guard Tower
26:43 Guard Tower
26:44 Guard Tower
26:44 Guard Tower
27:45 Workshop
27:48 Barracks
27:50 Barracks
29:25 Town Hall
31:54 Lumber Mill
33:32 Town Hall
» items
| Scroll of Regeneration | 4 | |
| Mechanical Critter | 6 | |
| Lesser Clarity Potion | 2 | |
| Scroll of Town Portal | 2 | |
| Staff of Sanctuary | 1 | |
| Potion of Healing | 3 | |
18 total
rNz (
green | 65 APM | 1076 actions | 16:40)
3 Tauren Chieftain
2 War Stomp
1 Endurance Aura
» actions
| Assign group hotkey | 23 | |
| Basic commands | 1 | |
| Build / train | 42 | |
| Enter build submenu | 22 | |
| Enter hero's abilities submenu | 4 | |
| Remove unit from queue | 1 | |
| Right click | 436 | |
| Select / deselect | 208 | |
| Select group hotkey | 262 | |
| Use ability | 77 | |
1076 total
» units
» upgrades
» buildings
| Altar of Storms | 1 | |
| Orc Burrow | 4 | |
| Barracks | 1 | |
| Voodoo Lounge | 1 | |
| War Mill | 1 | |
| Stronghold | 1 | |
| Watch Tower | 4 | |
| Ancient Protector | 1 | |
| Beastiary | 3 | |
| Great Hall | 1 | |
18 total
» build order
00:13 Altar of Storms
00:15 Orc Burrow
00:24 Barracks
01:39 Orc Burrow
02:47 Voodoo Lounge
03:42 War Mill
04:16 Orc Burrow
04:50 Stronghold
06:03 Watch Tower
06:32 Orc Burrow
06:50 Watch Tower
06:51 Watch Tower
07:43 Ancient Protector
07:55 Beastiary
07:56 Beastiary
08:15 Beastiary
08:46 Watch Tower
12:50 Great Hall
» items
| Scroll of Town Portal | 2 | |
| Scroll of Speed | 2 | |
| Potion of Healing | 1 | |
| Potion of Mana | 1 | |
6 total
team 2 (loser)

»
Janoh (
purple | 46 APM | 1676 actions | 36:32)
8 Death Knight
3 Death Coil
3 Unholy Aura
1 Animate Dead
1 Death Pact
» actions
| Assign group hotkey | 15 | |
| Basic commands | 30 | |
| Build / train | 49 | |
| ESC pressed | 13 | |
| Enter build submenu | 25 | |
| Enter hero's abilities submenu | 10 | |
| Right click | 632 | |
| Select / deselect | 495 | |
| Select group hotkey | 300 | |
| Use ability | 104 | |
1676 total
» units
| Acolyte | 2 | |
| Ghoul | 5 | |
| Crypt Fiend | 9 | |
| Frost Wyrm | 9 | |
25 total
» upgrades
| Web | 1 | |
| Creature Attack | 3 | |
| Burrow | 1 | |
| Freezing Breath | 1 | |
| Creature Carapace | 1 | |
7 total
» buildings
| Crypt | 2 | |
| Ziggurat | 11 | |
| Altar of Darkness | 2 | |
| Graveyard | 1 | |
| Nerubian Tower | 1 | |
| Halls of the Dead | 1 | |
| Tomb of Relics | 1 | |
| Spirit Tower | 3 | |
| Black Citadel | 1 | |
| Sacrificial Pit | 1 | |
| Boneyard | 2 | |
| Orc Burrow | 2 | |
28 total
» build order
00:10 Crypt
00:12 Ziggurat
00:29 Altar of Darkness
01:08 Ziggurat
01:51 Graveyard
01:57 Nerubian Tower
03:20 Halls of the Dead
03:50 Tomb of Relics
04:27 Spirit Tower
05:21 Ziggurat
05:24 Ziggurat
05:59 Crypt
06:06 Black Citadel
06:19 Spirit Tower
09:01 Sacrificial Pit
10:09 Boneyard
10:12 Boneyard
11:23 Ziggurat
11:24 Ziggurat
11:25 Ziggurat
11:27 Ziggurat
11:51 Orc Burrow
11:52 Orc Burrow
12:29 Spirit Tower
15:45 Ziggurat
27:00 Altar of Darkness
27:01 Ziggurat
27:32 Ziggurat
» items
| Healing Salve | 1 | |
| Orb of Corruption | 1 | |
2 total

»
fried. (
orange | 37 APM | 1045 actions | 28:32)
10 Demon Hunter
3 Mana Burn
3 Evasion
1 Metamorphosis
3 Immolation
1 Blademaster
1 Critical Strike
» actions
| Basic commands | 7 | |
| Build / train | 97 | |
| Enter build submenu | 25 | |
| Enter hero's abilities submenu | 11 | |
| Right click | 406 | |
| Select / deselect | 417 | |
| Use ability | 82 | |
1045 total
» units
| Wisp | 26 | |
| Archer | 1 | |
| Huntress | 8 | |
| Dryad | 14 | |
| Druid of the Claw | 8 | |
| Goblin Shredder | 1 | |
| Wind Rider | 8 | |
| Peon | 2 | |
68 total
» upgrades
| Abolish Magic | 1 | |
| Druid of the Claw Training | 2 | |
| Strength of the Wild | 3 | |
| Reinforced Hides | 3 | |
| Mark of the Claw | 1 | |
| Envenomed Spears | 1 | |
| Armor | 1 | |
| Ranged Weapons | 1 | |
13 total
» buildings
| Altar of Elders | 1 | |
| Moon Well | 7 | |
| Ancient of War | 1 | |
| Hunter's Hall | 1 | |
| Tree of Ages | 1 | |
| Ancient of Wonders | 1 | |
| Tree of Life | 3 | |
| Ancient Protector | 5 | |
| Tree of Eternity | 1 | |
| Ancient of Lore | 2 | |
| Orc Burrow | 3 | |
26 total
» build order
00:23 Altar of Elders
00:34 Moon Well
00:50 Ancient of War
01:39 Moon Well
02:14 Hunter's Hall
02:39 Moon Well
03:17 Tree of Ages
03:33 Moon Well
03:57 Ancient of Wonders
05:37 Tree of Life
05:41 Ancient Protector
08:02 Tree of Eternity
08:05 Ancient of Lore
08:07 Ancient of Lore
10:15 Moon Well
10:21 Moon Well
11:20 Moon Well
15:25 Tree of Life
15:27 Ancient Protector
15:29 Ancient Protector
17:08 Orc Burrow
17:10 Orc Burrow
18:49 Orc Burrow
21:56 Tree of Life
22:12 Ancient Protector
22:15 Ancient Protector
» items
| Orb of Venom | 1 | |
| Scroll of Town Portal | 1 | |
2 total
BeetleJwz (
pink | 57 APM | 2089 actions | 36:32)
5 Blademaster
3 Wind Walk
2 Critical Strike
» actions
| Assign group hotkey | 22 | |
| Basic commands | 188 | |
| Build / train | 79 | |
| Enter build submenu | 61 | |
| Enter hero's abilities submenu | 5 | |
| Give item / drop item | 11 | |
| Remove unit from queue | 1 | |
| Right click | 892 | |
| Select / deselect | 411 | |
| Select group hotkey | 230 | |
| Use ability | 188 | |
2089 total
» units
| Peon | 8 | |
| Grunt | 5 | |
| Goblin Shredder | 2 | |
| Goblin Sapper | 17 | |
| Troll Batrider | 4 | |
| Wind Rider | 4 | |
| Goblin Zeppelin | 2 | |
42 total
» upgrades
| Reinforced Defenses | 1 | |
| Liquid Fire | 1 | |
| Ranged Weapons | 3 | |
| Troll Regeneration | 1 | |
| Armor | 3 | |
| Envenomed Spears | 1 | |
10 total
» buildings
| Orc Burrow | 6 | |
| Altar of Storms | 3 | |
| Barracks | 2 | |
| Voodoo Lounge | 1 | |
| Stronghold | 1 | |
| War Mill | 3 | |
| Watch Tower | 36 | |
| Great Hall | 3 | |
| Fortress | 1 | |
| Beastiary | 4 | |
60 total
» build order
00:12 Orc Burrow
00:52 Altar of Storms
00:54 Barracks
01:03 Orc Burrow
01:06 Altar of Storms
01:07 Barracks
01:54 Voodoo Lounge
02:51 Stronghold
04:19 Orc Burrow
04:32 War Mill
05:44 Watch Tower
05:45 Watch Tower
05:46 Watch Tower
05:47 Watch Tower
07:21 Altar of Storms
07:23 Watch Tower
07:23 Watch Tower
08:41 Great Hall
09:05 Watch Tower
09:05 Watch Tower
09:10 Watch Tower
09:10 Watch Tower
09:15 Watch Tower
10:04 Fortress
10:19 Watch Tower
11:04 Watch Tower
11:04 Watch Tower
11:05 Watch Tower
12:32 Beastiary
12:33 Beastiary
12:33 Beastiary
12:52 Beastiary
12:58 Watch Tower
12:58 Watch Tower
12:59 Watch Tower
13:00 Watch Tower
16:14 War Mill
16:18 War Mill
18:53 Great Hall
18:58 Watch Tower
18:59 Watch Tower
18:59 Watch Tower
19:01 Watch Tower
20:17 Watch Tower
20:19 Watch Tower
20:20 Watch Tower
21:01 Orc Burrow
21:05 Orc Burrow
21:09 Orc Burrow
27:40 Watch Tower
27:41 Watch Tower
27:42 Watch Tower
27:55 Great Hall
27:57 Watch Tower
27:59 Watch Tower
28:01 Watch Tower
28:01 Watch Tower
28:03 Watch Tower
28:04 Watch Tower
» items
| Healing Salve | 5 | |
| Potion of Healing | 4 | |
| Potion of Mana | 2 | |
| Lesser Clarity Potion | 3 | |
| Orb of Lightning | 1 | |
| Scroll of Town Portal | 1 | |
16 total

»
vape_marihuana (
blue | 52 APM | 546 actions | 10:24)
1 Blademaster
1 Wind Walk
» actions
| Basic commands | 2 | |
| Build / train | 40 | |
| Enter build submenu | 12 | |
| Enter hero's abilities submenu | 1 | |
| Remove unit from queue | 1 | |
| Right click | 319 | |
| Select / deselect | 120 | |
| Use ability | 51 | |
546 total
» units
» upgrades
| Ranged Weapons | 2 | |
| Liquid Fire | 1 | |
| Armor | 1 | |
4 total
» buildings
| Barracks | 1 | |
| Altar of Storms | 1 | |
| Orc Burrow | 4 | |
| Voodoo Lounge | 1 | |
| Stronghold | 3 | |
| War Mill | 1 | |
| Fortress | 2 | |
| Beastiary | 2 | |
15 total
» build order
00:07 Barracks
00:08 Altar of Storms
00:12 Orc Burrow
01:04 Voodoo Lounge
02:07 Stronghold
02:07 Stronghold
02:07 Stronghold
02:28 War Mill
02:58 Orc Burrow
03:02 Orc Burrow
04:32 Fortress
04:32 Fortress
04:36 Beastiary
04:45 Beastiary
09:08 Orc Burrow
» items
| Lesser Clarity Potion | 4 | |
| Healing Salve | 1 | |
5 total
Chat log
(00:20 / All) vape_marihuana: WE NEED MORE GOLD
(00:41 / Allies) rNz: rush?
(00:44 / All) vape_marihuana: Just leave
(00:45 / Allies) f.uckoutamygame: cc
(00:47 / All) vape_marihuana: u wont win
(00:54 / All) f.uckoutamygame: You're gonna eat shit
(02:08 / Allies) rNz: who takes red?
(02:15 / Allies) Digim0n: i got
(02:24 / Allies) rNz: ok
(03:23 / All) f.uckoutamygame: level 1 harassing retard
(03:35 / All) vape_marihuana: ?
(03:41 / All) f.uckoutamygame: u
(03:44 / All) vape_marihuana: u seem upset about something
(03:46 / All) f.uckoutamygame: awful strat
(03:50 / All) f.uckoutamygame: not rly but u will be
(03:51 / All) vape_marihuana: ive won games beofre just from bm harass
(03:52 / All) vape_marihuana: relax kid
(03:57 / All) f.uckoutamygame: so have I
(04:03 / All) f.uckoutamygame: but I know how to play
(06:30 / All) BeetleJwz: nice
(06:58 / Allies) Digim0n: wtf
(07:03 / Allies) Digim0n: why tp noob
(08:07 / Allies) f.uckoutamygame: hit somewhere else
(08:09 / Allies) f.uckoutamygame: pink sucks
(08:17 / Allies) f.uckoutamygame: and check expos
(08:47 / Allies) f.uckoutamygame: check expos
(10:05 / Allies) rNz: shit
(10:08 / Allies) rNz: i cant hit
(10:08 / Allies) rNz: air
(10:21 / All) vape_marihuana: LOL
(10:21 / All) f.uckoutamygame: wow blue you suck lol
(10:21 / All) vape_marihuana: gg
(10:24 / All) f.uckoutamygame: can't even kill a hall with bats
(10:25 / All) rNz: lol
(10:27 / All) f.uckoutamygame: and run them from two towers
(10:28 / All) f.uckoutamygame: lmfao
(13:30 / Allies) f.uckoutamygame: wood me if you can
(13:40 / Allies) f.uckoutamygame: ty
(16:02 / Allies) f.uckoutamygame: some more wood if you can
(16:10 / Allies) f.uckoutamygame: ty
(16:11 / Allies) Digim0n: do something if you can
(16:17 / Allies) f.uckoutamygame: making units if i can
(16:29 / Allies) Digim0n: smh
(28:08 / All) fried.: pink doesnt want to win
(28:12 / All) f.uckoutamygame: ok then leave
(28:14 / All) f.uckoutamygame: so I can get my win
(28:15 / All) f.uckoutamygame: I want to win
(28:41 / All) Janoh: afk, have fun killing pink
(29:50 / All) BeetleJwz: nice "afk":
(29:53 / All) f.uckoutamygame: so afk
(30:10 / All) f.uckoutamygame: lol
(30:15 / All) Janoh: ok, afk
(30:19 / All) f.uckoutamygame: thanks for the items, noob
(30:32 / All) BeetleJwz: he has two fiend above your barracks
(30:50 / All) f.uckoutamygame: k
(32:57 / All) f.uckoutamygame: I made a weird cut in the trees with flame strike this game
(33:04 / All) f.uckoutamygame: my footies and peasants could get through it but not my hero
(33:15 / All) f.uckoutamygame: actually sort of perfect, it means heroes couldn't get through to harass it
(33:21 / All) f.uckoutamygame: but I was confused creeping
(35:31 / All) BeetleJwz: Any last words purp or are you going to pretend to be afk still?
(35:59 / All) f.uckoutamygame: Purp 62-66 now
(36:21 / All) BeetleJwz: guess he's really "AFK"